[Event "15th Chennai GM Open 2025"]
[Site "Chennai"]
[Date "2025.01.02"]
[Round "1.11"]
[White "Jval Saurin Patel"]
[Black "Fedorov, Alexei"]
[Result "0-1"]
[ECO "A53"]
[WhiteElo "2064"]
[BlackElo "2409"]
[Annotator "TA"]
[PlyCount "98"]
[EventDate "2025.01.02"]
[EventType "swiss"]
[EventCountry "IND"]
[SourceTitle "playchess.com"]
[Source "ChessBase"]
[SourceQuality "1"]
[TimeControl "5400+30"]

1. d4 Nf6 2. c4 d6 3. Nc3 Nbd7 4. e4 e5 5. d5 Nc5 6. Bd3 Nxd3+ 7. Qxd3 Be7 8. Nge2 O-O 9. O-O Nd7 10. Ng3 Bg5 11. b4 g6 12. a3 b6 13. Kh1 Bb7 14. f3 Bxc1 15. Rfxc1 Qg5 16. Na4 Ba6 17. Qd1 h5 18. Ne2 f5 19. exf5 gxf5 20. Nb2 Nf6 21. Nd3 Rae8 22. a4 Kh8 23. Qf1 Nxd5 24. cxd5 {[%emt 0:09:49] Strongly threatening b5.} Bxd3 25. Rxc7 Rc8 26. f4 $2 (26. Rc6 $1 $15) 26... Qg4 $19 27. Qc1 $2 (27. h3 Qxe2 28. Qxe2 Bxe2 29. Rd7) 27... Rxc7 28. Qxc7 Bxe2 29. Qxd6 Qg7 30. Qxe5 Qxe5 31. fxe5 {[%emt 0:00:08][%mdl 4096] Endgame KRB-KR} Bc4 32. d6 Be6 33. a5 b5 {[%emt 0:00:51] White must now prevent ...Kg7.} 34. Rc1 $2 (34. Ra3) 34... Rc8 35. Rc7 $2 ({Don't blunder} 35. Rxc8+ $2 Bxc8 36. g3 Kg7 $19) (35. Rd1 $19 Kg8 36. Kg1) 35... Rxc7 36. dxc7 {[%emt 0:00:06] KB-KP} f4 37. Kg1 Kg7 38. Kf2 Kg6 39. g3 Kf5 40. Kf3 fxg3 (40... Kxe5 $2 41. gxf4+ Kd6 42. Kg3 $19) 41. Kxg3 Kxe5 42. Kh4 Bg4 43. c8=Q Bxc8 44. Kxh5 {[%emt 0:00:06] KB-K3P} Bh3 45. Kh4 Bf1 46. Kg5 Kd4 47. h4 Kc4 48. h5 Kxb4 49. h6 Bd3 $1 (49... Kxa5 $2 {too greedy.} 50. h7 $18) 0-1

[Event "15th Chennai GM Open 2025"]
[Site "Chennai"]
[Date "2025.01.02"]
[Round "1.12"]
[White "Kaustuv, Kundu"]
[Black "Ram Vishal Parab"]
[Result "1-0"]
[ECO "A14"]
[WhiteElo "2409"]
[BlackElo "2064"]
[Annotator "TA"]
[PlyCount "103"]
[EventDate "2025.01.02"]
[EventType "swiss"]
[EventCountry "IND"]
[SourceTitle "playchess.com"]
[Source "ChessBase"]
[SourceQuality "1"]
[TimeControl "5400+30"]

1. Nf3 Nf6 2. g3 e6 3. Bg2 d5 4. O-O Be7 5. c4 O-O 6. b3 c5 7. Bb2 Nc6 8. cxd5 Nxd5 9. d4 Bf6 10. e4 $1 Nc7 11. e5 Be7 12. dxc5 Bxc5 13. Nbd2 Nd5 14. Ne4 Be7 15. a3 {[%emt 0:02:33] Repels Ndb4} Qb6 (15... Qc7 $16) 16. Nfd2 $18 Bd7 17. Nc4 Qc7 18. Rc1 Rad8 19. Ncd6 f6 (19... Bc8 $16 {keeps fighting.} 20. Qh5 h6) 20. Nc5 fxe5 21. Ndxb7 Bxc5 22. Nxc5 Bc8 23. Qe2 Rf7 (23... a5 $142 24. Rfd1 h6) 24. b4 Qd6 25. Ne4 Qd7 26. Qc4 {[%emt 0:00:29] Inhibits Nd4.} Nd4 27. Bxd4 exd4 28. Qxd4 Qe7 (28... Nf4 $16 29. Qxd7 Ne2+ 30. Kh1 Rfxd7) 29. Rfd1 Rff8 30. Qc5 Qf7 31. f4 h5 32. Nd6 Qd7 (32... Qe7 $142) 33. Rxd5 exd5 34. Qxd5+ Qe6 35. Rxc8 Qxd5 36. Bxd5+ Kh7 37. Be4+ Kg8 38. Rxd8 Rxd8 39. Nb5 Rd7 40. Bc6 Re7 41. a4 Re1+ 42. Kg2 Rb1 43. Nxa7 Rxb4 44. Bb5 Kf7 45. Nc6 Rb1 46. Bc4+ Kf6 47. a5 {[%emt 0:00:09][%cal Ba4a5,Ba5a6][%mdl 32] a6 would now be deadly.} Rb2+ 48. Kf3 Rc2 49. Bd5 Rxh2 50. a6 {[%emt 0:00:05] White wants to mate with a7.} Rh1 51. Nb4 Ra1 52. Na2 1-0

[Event "15th Chennai GM Open 2025"]
[Site "Chennai"]
[Date "2025.01.02"]
[Round "1.13"]
[White "Majumder Shrayan"]
[Black "Sathvik Adiga"]
[Result "0-1"]
[ECO "A01"]
[WhiteElo "2061"]
[BlackElo "2395"]
[Annotator "TA"]
[PlyCount "80"]
[EventDate "2025.01.02"]
[EventType "swiss"]
[EventCountry "IND"]
[SourceTitle "playchess.com"]
[Source "ChessBase"]
[SourceQuality "1"]
[TimeControl "5400+30"]

1. b3 e5 2. Bb2 Nc6 3. e3 d5 4. Bb5 Nge7 5. Bxe5 a6 6. Bxc6+ Nxc6 7. Bg3 h5 {[%emt 0:00:18] Threatens to win with ...h4.} 8. h4 {[%emt 0:00:06] White is slightly better.} d4 9. Ne2 Bd6 10. Bxd6 Qxd6 11. exd4 Nxd4 12. Nxd4 Qxd4 13. Nc3 Bg4 {[%emt 0:01:30] Prevents Qe2+.} 14. Ne2 $1 Qf6 15. f3 Bf5 16. d4 O-O-O (16... Qg6 $1 $14) 17. Qd2 $16 Rhe8 18. c3 Rd5 19. Kf2 Bd7 20. Rae1 Re4 {[%emt 0:01:55] Dodges Nf4} 21. c4 Rf5 22. Ng3 Rxd4 {[%emt 0:01:45] [#]} (22... Rxh4 $2 23. Nxf5 Bxf5 24. Rxh4 Qxh4+ 25. Kg1 $18) 23. Qe3 (23. Qb4 $1 $16 {[%cal Rb4f8] Qf8+ is the strong threat.} b6 24. Nxf5 Bxf5 25. Rd1 Rxd1 26. Rxd1 Qxh4+ 27. Kg1) 23... Ra5 $14 24. a4 (24. Re2 $5) 24... Qb6 (24... Rxh4 25. Ne4 Rxe4 26. Qxe4 $14) (24... Bc6 {keeps more tension.} 25. Qc3 Rc5 26. Ne2 Rd6) 25. Re2 ({White should play} 25. Rd1 $11 Rxd1 26. Rxd1) 25... f6 (25... f5 $1 $15 26. Nxh5 g6) 26. Ne4 $1 $11 f5 27. b4 $2 f4 $19 (27... Qxb4 $2 28. Qxd4 fxe4 29. Rd1 $18 (29. Qxg7 Qc5+ 30. Ke1 b5 $11) (29. Rxe4 Bxa4 30. Kg3 b6 $18) (29. Qxe4 Qc5+ 30. Kg3 Qd6+ 31. Qf4 Rxa4 $16)) (27... Rxa4 28. Nc5 Qf6 29. Nxa4 Bxa4 30. Qe7 Rxc4 31. Qxf6 gxf6 32. Re7 $16) 28. bxa5 $2 (28. Qb3 Rxc4+ (28... Rxe4+ 29. c5 $17) 29. Ke1 Qxb4+ (29... Rc1+ 30. Kd2 $17) 30. Qxb4 Rxb4 31. Kf2) 28... fxe3+ 29. Kxe3 Qa7 {[%emt 0:00:27] Hoping for ...Rd1+.} (29... Rxc4+ $2 {too greedy.} 30. axb6 Bxa4 31. Rg1 $18) 30. c5 {[%emt 0:00:08] [#]} Rxe4+ $1 31. fxe4 (31. Kxe4 Qxc5) 31... Qxc5+ 32. Kf4 Bg4 33. Re3 Qf8+ (33... Qd6+ $142 34. e5 Qd4+ 35. Kg3 Qxe3+ 36. Kh2 Qxe5+ 37. Kg1 Qxa5 38. Kf2 Qc5+ (38... Qxa4 $2 39. Rf1 $19) 39. Kg3 Qe3+ 40. Kh2 Qf4+ 41. Kg1 Qg3 (41... Qxa4 {gets mated.} 42. Kh2 Qf4+ 43. Kg1 Qg3 44. Kf1 Qe3 45. Rh3 Be2+ 46. Ke1 Bf3+ 47. Kf1 Qe2+ 48. Kg1 Qxg2#) 42. Kf1 Qe3 43. Rh3 Be2+ (43... Bxh3 44. gxh3 c5 45. a5 c4 46. Kg2 c3 47. Kh2 c2 48. Kg2 c1=Q 49. Kh2 Qeg1#) 44. Ke1 Bf3+ 45. Kf1 Qe2+ 46. Kg1 Qxg2#) 34. Kg3 Qc5 $2 (34... Qd6+ $19 35. e5 Qb4) 35. Rhe1 $2 (35. Kf4 $11 Qd6+ (35... Qxa5 $2 36. Rhe1 $19) 36. e5 Qd4+ 37. Kg3 Qxe3+ 38. Kh2 Qxe5+ 39. Kg1 Qg3 (39... Qxa5 {leads to mate.} 40. Kf2 Qd2+ 41. Kg3 Qe3+ 42. Kh2 Qf4+ 43. Kg1 Qg3 44. Kf1 Qe3 45. Rh3 Be2+ 46. Ke1 Bf3+ 47. Kf1 Qe2+ 48. Kg1 Qxg2#) 40. Rh3 Bxh3 41. Kf1 Qxg2+ 42. Ke1 Bf5 43. Kd1 Qf2 44. Kc1 Qc2#) 35... Qe5+ 36. Kf2 c5 {[%emt 0:00:10] And now ...c4 would win.} 37. g3 c4 {[%emt 0:00:12] Black mates.} 38. Kg1 Qd4 39. Kh1 c3 40. e5 c2 {[%emt 0:00:11] Weighted Error Value: White=0.96/Black=0.56.  Loses game:     	White=1     	---        Mistake:       	White=3     	Black=2      Inaccurate:     	White=1     	Black=2      OK:         	White=7     	Black=5      Best:        	White=2     	Black=3      Strong:       	White=2     	---} 0-1

[Event "15th Chennai GM Open 2025"]
[Site "Chennai"]
[Date "2025.01.02"]
[Round "1.14"]
[White "Agibileg, Uurtsaikh"]
[Black "Prishita Gupta"]
[Result "1/2-1/2"]
[ECO "D89"]
[WhiteElo "2392"]
[BlackElo "2058"]
[Annotator "TA"]
[PlyCount "111"]
[EventDate "2025.01.02"]
[EventType "swiss"]
[EventCountry "IND"]
[SourceTitle "playchess.com"]
[Source "ChessBase"]
[SourceQuality "1"]
[TimeControl "5400+30"]

1. d4 Nf6 2. c4 g6 3. Nc3 d5 4. cxd5 Nxd5 5. e4 Nxc3 6. bxc3 Bg7 7. Bc4 c5 8. Ne2 Nc6 9. Be3 O-O 10. O-O Bg4 11. f3 Na5 12. Bd3 cxd4 13. cxd4 Be6 14. d5 Bxa1 15. Qxa1 f6 16. Bh6 Re8 17. Nd4 Bd7 $1 18. Kh1 Rc8 19. e5 Nc4 $1 $17 (19... fxe5 $2 20. Ne6 Nc6 21. dxc6 $18 (21. Nxd8 Nd4 $18)) 20. e6 Ba4 21. Qb1 Ne5 $1 (21... Qxd5 22. Bxg6 Qxd4 23. Bxh7+ Kh8 24. Bg7+ Kxg7 25. Qg6+ Kh8 26. Qh5 $18) 22. Be4 Qb6 23. Qxb6 axb6 24. g4 Rc4 25. Be3 Rb4 (25... Rec8 $142 26. Rb1 R4c5) 26. Rc1 (26. a3 $17 Rc4 27. Rb1) 26... Nc4 $1 $19 27. a3 Nxa3 28. d6 exd6 29. Rc7 {[%emt 0:00:44] [#]} (29. Bd5 $142) 29... Rxd4 30. Bxd4 $17 Nb5 (30... Rxe6 31. Bd5 (31. Bxb7 Nb5 $11) (31. Bxb6 Bc6 $15) (31. Rxb7 Nb5 $11) 31... Nb5 32. Bxe6+ Kf8 33. Rf7+ (33. Rxh7 Nxd4 34. Bc8 Nxf3 $16) (33. Bxb6 Nxc7 34. Bxc7 Ke7 $18) (33. Rxb7 Nxd4 34. Bd5 Be8 $18) 33... Ke8 34. Bxf6) 31. Rc4 Bb3 32. Rb4 Nxd4 (32... Bxe6 $2 33. Rxb5 Bxg4 34. Bxf6 $18) 33. Rxd4 Rxe6 (33... Bxe6 34. Rxd6 b5 35. Rb6 $15) 34. Bxb7 {[%emt 0:00:33][%mdl 4096] Endgame [#] KRB-KRB. Black is two pawns up.} (34. Rb4 $17 d5 35. Rxb3 dxe4 36. fxe4) 34... b5 $1 $19 35. Kg2 Bc4 36. Bd5 Bxd5 37. Rxd5 {[%emt 0:00:07] KR-KR. Black is two pawns up.} b4 38. Rb5 Re2+ 39. Kg3 Kf7 $2 ({Black should play} 39... Rb2 $19 {White must now prevent ...g5.} 40. Rd5 b3 41. Rxd6 Rb1) 40. Rxb4 $15 Ke6 41. h4 d5 42. Rb6+ Ke7 43. Rb7+ Kd6 44. Rxh7 {[%emt 0:00:22] aiming for Rh6.} d4 45. Rh8 Kd5 46. Rd8+ Kc4 47. Rd6 d3 48. Rxf6 d2 49. Rd6 $1 Kc3 50. Kf4 Re6 51. Rd5 Kc2 52. h5 gxh5 (52... d1=B $2 {loses.} 53. h6 $18) 53. gxh5 d1=Q 54. Rxd1 Kxd1 55. Kg5 Re1 56. h6 1/2-1/2

[Event "15th Chennai GM Open 2025"]
[Site "Chennai"]
[Date "2025.01.02"]
[Round "1.15"]
[White "Abhishek T M"]
[Black "Sammed Jaykumar, Shete"]
[Result "0-1"]
[ECO "B31"]
[WhiteElo "2050"]
[BlackElo "2379"]
[Annotator "TA"]
[PlyCount "54"]
[EventDate "2025.01.02"]
[EventType "swiss"]
[EventCountry "IND"]
[SourceTitle "playchess.com"]
[Source "ChessBase"]
[SourceQuality "1"]
[TimeControl "5400+30"]

1. e4 c5 2. Nf3 Nc6 3. Bb5 g6 4. Bxc6 bxc6 5. O-O Bg7 6. d3 e5 7. Be3 d6 8. c3 Rb8 {[%emt 0:05:33][%cal Of7f5] The position is equal.} 9. Qc1 (9. d4 $11) 9... f5 $15 10. exf5 gxf5 11. d4 {[%emt 0:03:20] dxe5 would now be deadly.} f4 12. Bd2 Bg4 $36 {[%emt 0:00:12][%mdl 2048] Black is on the roll.} (12... exd4 $6 13. Bxf4 Ne7 14. Bh6 $16) (12... cxd4 $6 13. cxd4 Bg4 14. dxe5 $14 (14. Qxc6+ Qd7 $11)) 13. dxe5 (13. Na3 $142) 13... Bxf3 $17 (13... dxe5 $2 14. Nxe5 Bxe5 15. Re1 $18) 14. gxf3 $2 (14. Bxf4 $17 {was forced.} dxe5 15. Bg5) 14... Qg5+ $19 (14... dxe5 15. c4 $11) (14... Bxe5 15. Bxf4 Bxf4 16. Qxf4 $11) 15. Kh1 {[%emt 0:00:58] aiming for Rg1.} Bxe5 {[%emt 0:02:13] White must now prevent ...Nf6.} 16. Na3 Qh5 17. Qd1 {[%emt 0:01:31] [#]} d5 {[%emt 0:07:30][%cal Og8f6] Dodges Nc4} (17... Rxb2 18. Nc4 Rb5 19. a4 $11) 18. Re1 (18. Rg1 {is a better defense.} Rxb2 19. Nc2) 18... Kf7 (18... Rxb2 $2 19. Bxf4 Ne7 20. Rxe5 $18) 19. Qe2 {[%emt 0:14:55] [#]} (19. Rb1 {was necessary.} Nf6 20. Rxe5 Qxe5 21. Qa4) 19... Nf6 $1 20. Bxf4 {[%emt 0:07:14] [#]} (20. Rg1 Rxb2) 20... Rxb2 $3 {[%emt 0:00:11][%mdl 512] Active counter play!} 21. Qxb2 (21. Nc2 Rxc2) 21... Qxf3+ 22. Kg1 Bxf4 23. Qb7+ Kg6 {[%emt 0:00:06] ( -> ...Rg8)} 24. Qxc6 Rg8 25. Qe6 Kh5+ 26. Kf1 Qg2+ ({Not} 26... Qxc3 27. Nb5 Qf3 28. Qe2 (28. Qxf6 $2 {is a self mate.} Qd3+ 29. Re2 Qh3+ 30. Ke1 Rg1#) 28... Qxe2+ 29. Kxe2 $11) (26... Ng4 $142 27. Qf5+ Kh4 28. Qxh7+ Bh6 29. Qxh6+ Nxh6 30. Re3 Qh1+ 31. Ke2 Qxa1 32. Nc2 Qc1 (32... Qxa2 $2 33. Kd2 $19) 33. Ne1 Nf5 (33... Qb2+ $2 34. Kd1 $19) 34. Re6 Qxc3 (34... Qb2+ {leads to mate.} 35. Kd1 Qxc3 36. Re2 Rg4 37. Re6 Rd4+ 38. Ke2 Qc4+ 39. Kf3 Rf4+ 40. Kg2 Rg4+ 41. Kf3 Nd4+ 42. Ke3 Qe2#) 35. Nf3+ Kg4 36. Ne5+ Kh3 37. Nf3 c4 38. Ne1 Nd4+ (38... Kxh2 39. Nf3+ Kh3 40. Kd1 Qxf3+ 41. Kc2 Qd3+ 42. Kb2 Rb8+ 43. Rb6 Rxb6+ 44. Kc1 Rb1#) 39. Kd1 Nxe6 (39... Qa1+ 40. Kd2 Qb2+ 41. Ke3 Nxe6 42. f4 Rg2 43. Nxg2 Kxg2 44. h4 Qf2#) 40. Ke2 Nd4+ (40... Kxh2 41. Nf3+ Kh3 42. Ne1 Nd4+ 43. Kd1 Re8 44. f4 Rxe1#) (40... Rg1 $2 41. f4 Rxe1+ 42. Kf2 Qe3#) 41. Kd1 Rg1 42. f4 Rxe1#) 27. Ke2 {[%emt 0:00:05] Strongly threatening Rg1.} Re8 {[%emt 0:00:03] White got outplayed after the opening.   Weighted Error Value: White=1.25/Black=0.20 (precise) .  Loses game:     	White=1     	---        Mistake:       	White=4     	---        Inaccurate:     	White=2     	---        OK:         	White=4     	Black=2      Best:        	---       	Black=9      Brilliant:      	---       	Black=1} 0-1

[Event "15th Chennai GM Open 2025"]
[Site "Chennai"]
[Date "2025.01.03"]
[Round "2.1"]
[White "Aronyak Ghosh"]
[Black "Aditya Varun Gampa"]
[Result "1-0"]
[ECO "D02"]
[WhiteElo "2544"]
[BlackElo "2180"]
[Annotator "TA"]
[PlyCount "57"]
[EventDate "2025.01.02"]
[EventType "swiss"]
[EventCountry "IND"]
[SourceTitle "playchess.com"]
[Source "ChessBase"]
[SourceQuality "1"]
[TimeControl "5400+30"]

1. d4 Nf6 2. Bf4 d5 3. e3 e6 4. Nf3 Bd6 5. Bg3 O-O 6. c4 Bxg3 7. hxg3 dxc4 8. Bxc4 Nbd7 9. Rh4 c5 10. g4 g6 (10... b5 $11 {keeps the balance.} 11. Bxb5 Qa5+ 12. Nc3 Rb8) 11. g5 $16 Ne8 12. dxc5 Qe7 {[%emt 0:00:29] Black is weak on the dark squares} 13. Nc3 {[%emt 0:01:14] White has more active pieces.} (13. b4 $6 a5 $11) 13... Nxc5 (13... Qxc5 $16 14. Qd4 a6 15. Qxc5 Nxc5) 14. Qd4 $18 b5 15. Bxb5 (15. Nxb5 $6 a6) 15... Bb7 16. O-O-O {[%emt 0:05:11][%cal Oh4h7,Ba1d1,Bd1d5,Bd5c5][%mdl 32] and Rxh7! would now be decisive} Bxf3 17. gxf3 Ng7 (17... Qxg5 $16 18. Rxh7 Nf6 (18... Kxh7 $2 {too greedy.} 19. Rh1+ $18)) 18. Qe5 $40 {[%emt 0:14:01][%mdl 128] Black is in trouble.} Rfd8 {[%emt 0:04:48] [#] Dodges Nd5} (18... Rad8 {is a better defense.} 19. Rhd4 (19. Nd5 Rxd5 20. Rxd5 Nf5 $16) 19... Rc8) 19. Nd5 $1 Rxd5 20. Rxd5 Nf5 21. Rxc5 Nxh4 22. f4 a6 {[%emt 0:04:48] [#]} (22... Qf8 $142 23. Bc6 Rd8) 23. Bxa6 $1 Qa7 24. Bc4 Qb7 $2 {[%emt 0:00:35] [#]} (24... Nf5 25. a3 Qb7) 25. Bxe6 $1 Qh1+ (25... Qe7 26. Bc4) 26. Kc2 {[%emt 0:00:12][%cal Oe6f7] Bxf7+! would kill now.} Nf5 27. Bd5 (27. Bxf7+ $142 Kf8 28. Rc7 Nxe3+ 29. fxe3 (29. Qxe3 Qc6+ 30. Rxc6 h5 31. gxh6 Kxf7 32. Rc7+ Kf8 33. Qe7+ Kg8 34. Qg7#) 29... Qh2+ 30. Kc3 Qd2+ 31. Kxd2 Rd8+ 32. Kc3 Rd3+ 33. Kxd3 h5 34. Qh8#) 27... Qe1 28. Bxa8 (28. Bxf7+ $142 Kf8 29. Qh8+ Kxf7 30. Rc7+ (30. Qxa8 Qxf2+ 31. Kb1 Qf1+ 32. Rc1 Qd3+ 33. Ka1 Qxe3 $18) 30... Ne7 31. Qxh7+ (31. Qxa8 Qxf2+ 32. Kd3 Qf1+ 33. Kd4 Qb5 $18) 31... Ke6 32. Qxe7+ Kf5 33. Qd7+ Ke4 34. Qc6+ Kf5 35. Rf7+ (35. Qxa8 Qxf2+ 36. Kb1 Qf1+ 37. Rc1 Qd3+ 38. Ka1 Qxe3 $18) (35. Qd7+ Ke4 36. Qc6+ Kf5 37. Rf7+ Kg4 38. Qg2+ Kh5 39. Rh7#) 35... Kg4 36. Qg2+ Kh5 37. Rh7#) 28... Qe2+ 29. Kb3 1-0

[Event "15th Chennai GM Open 2025"]
[Site "Chennai"]
[Date "2025.01.03"]
[Round "2.2"]
[White "Barath Kalyan M"]
[Black "Siddharth, Jagadeesh"]
[Result "0-1"]
[ECO "E17"]
[WhiteElo "2186"]
[BlackElo "2515"]
[Annotator "TA"]
[PlyCount "128"]
[EventDate "2025.01.02"]
[EventType "swiss"]
[EventCountry "IND"]
[SourceTitle "playchess.com"]
[Source "ChessBase"]
[SourceQuality "1"]
[TimeControl "5400+30"]

1. Nf3 Nf6 2. c4 b6 3. g3 Bb7 4. Bg2 e6 5. O-O Be7 6. b3 O-O 7. Bb2 c5 8. Nc3 d5 9. cxd5 Nxd5 10. Rc1 Nd7 11. d4 Nxc3 12. Bxc3 Rc8 13. Bb2 Bf6 14. Qd2 Qe7 15. dxc5 Nxc5 16. Bxf6 Qxf6 17. Qd4 Rfd8 18. Qxf6 gxf6 19. Rfd1 Rxd1+ 20. Rxd1 Ne4 21. Ne1 {[%emt 0:13:22] Prevents Rc2} f5 22. Bf3 Ba6 23. h4 Kf8 24. Nd3 Nc3 25. Rd2 Bxd3 26. Rxd3 $11 {[%emt 0:00:46][%mdl 4096] Endgame KRB-KRN} Ke7 {[%emt 0:00:02] Dodges Rd7+} 27. Rd2 b5 28. Rc2 (28. e3 $15) 28... b4 $1 $17 29. e3 Rc5 30. Rd2 e5 31. Bb7 Rc7 32. Ba6 Rd7 33. Rc2 Rd1+ 34. Kg2 Ra1 35. a4 {[%emt 0:00:04] [#]} bxa3 $1 {[%emt 0:00:28] Black is more active.} 36. Rxc3 {[%emt 0:00:07] KRB-KR} a2 $1 37. Rc2 {[%emt 0:01:16] [#] And now Kf3 would win.} Rg1+ $3 38. Kxg1 a1=Q+ {[%emt 0:00:08] KQ-KRB} (38... a1=B $2 {perishes.} 39. Rc7+ Ke8 40. Rxa7 $18) 39. Bf1 {[%emt 0:00:03] [#]} f4 $1 40. exf4 (40. gxf4 exf4) 40... exf4 41. gxf4 a5 42. Rc4 Qf6 43. h5 {[%emt 0:00:54] [#] Dodges Qg6+} (43. Rc7+ $17 Kd6 44. Ra7) 43... Qf5 $1 $19 44. Be2 $2 {[%emt 0:00:20] [#] Repels Qg4+} (44. Rc3) 44... Qb1+ $1 45. Kg2 Qxb3 46. Rc7+ Kd6 47. Ra7 a4 48. h6 a3 49. Bh5 a2 50. Bxf7 {[%emt 0:00:12] [#]} a1=Q $1 51. Rxa1 Qxf7 {[%emt 0:00:02] KQ-KR} 52. Ra6+ Kd5 53. Kg3 Qg8+ 54. Kf3 Qe8 {[%emt 0:00:02] ( -> ...Qe4+)} 55. Kg3 Ke4 {[%emt 0:00:49] ( -> ...Qg8+)} 56. Ra5 Qg6+ 57. Rg5 Qxh6 58. Re5+ Kd4 {[%emt 0:00:02] Hoping for ...Qh1.} 59. Rg5 Qh1 {[%emt 0:00:18] ( -> ...h5)} 60. Re5 h5 61. Rg5 h4+ 62. Kg4 h3 63. Rh5 h2 64. Kg3 Qg1+ 0-1

[Event "15th Chennai GM Open 2025"]
[Site "Chennai"]
[Date "2025.01.03"]
[Round "2.3"]
[White "Iniyan, Pa"]
[Black "Sri Sai Baswanth P"]
[Result "1-0"]
[ECO "B45"]
[WhiteElo "2508"]
[BlackElo "2161"]
[Annotator "TA"]
[PlyCount "77"]
[EventDate "2025.01.02"]
[EventType "swiss"]
[EventCountry "IND"]
[SourceTitle "playchess.com"]
[Source "ChessBase"]
[SourceQuality "1"]
[TimeControl "5400+30"]

1. e4 c5 2. Nf3 e6 3. d4 cxd4 4. Nxd4 Nf6 5. Nc3 Nc6 6. Ndb5 Bc5 7. Nd6+ Ke7 8. Bf4 e5 $1 9. Nf5+ Kf8 10. Bg5 d6 11. Bc4 Be6 12. Bb3 h6 13. Bxf6 Qxf6 14. Ne3 g6 15. Qd2 Kg7 16. O-O-O Rab8 17. Rhf1 b5 18. Kb1 Qd8 19. g3 (19. f4 $14) 19... Bh3 $15 20. Rg1 Nd4 21. Qd3 h5 $1 22. f4 {[%emt 0:06:31] [#]} a5 $1 23. Bd5 Qb6 24. Rge1 Bg4 25. Nxg4 hxg4 26. Rh1 (26. f5 {is interesting.} Rxh2 27. fxg6 Kxg6 28. Rf1) 26... Rh3 27. Rdf1 (27. f5 $5) 27... Nf3 28. Rxf3 gxf3 29. Qxf3 Qa7 30. fxe5 dxe5 {[%emt 0:03:45] Threatens to win with ...b4.} 31. Rf1 {[%emt 0:00:05] Qg4 would now be deadly.} Qe7 $2 {[%emt 0:10:17][%mdl 8192] [#]} (31... Rxh2 $11 32. Qf6+ (32. Qxf7+ $2 Qxf7 33. Rxf7+ Kh6 $19) 32... Kh6 33. Qxe5 (33. Qxf7 $2 Rf8 $19) (33. Bxf7 Qb6 $17) 33... Bd4 34. Qf4+ g5 35. Qd6+ (35. Qxf7 $2 Qxf7 36. Bxf7 Rf8 $19) 35... Kg7) 32. Qg4 $1 $18 (32. Bxf7 $2 Rf8 (32... Rxh2 33. Nd5 $11) 33. Qg2 Rhh8 $19) (32. Qxf7+ Qxf7 33. Rxf7+ Kh6 $19) 32... Rxh2 33. Rxf7+ (33. Bxf7 Qd6 34. Bd5 b4 $19 (34... Rf8 $2 35. Rd1 $19)) 33... Qxf7 34. Bxf7 Rh1+ $2 (34... Kxf7 {was called for.} 35. Qd7+ Be7 36. Qd5+ (36. Nxb5 $2 {gets mated.} Rh1+) 36... Kf6) 35. Nd1 Rb6 {[%emt 0:01:48] [#]} 36. c3 $1 a4 (36... Rd6 37. Bd5) 37. b4 Bf8 38. Bd5 Rf6 39. Kc2 1-0

[Event "15th Chennai GM Open 2025"]
[Site "Chennai"]
[Date "2025.01.03"]
[Round "2.4"]
[White "Buscara, Sevan"]
[Black "Shyaam Nikhil P"]
[Result "1-0"]
[ECO "E12"]
[WhiteElo "2185"]
[BlackElo "2449"]
[Annotator "TA"]
[PlyCount "65"]
[EventDate "2025.01.02"]
[EventType "swiss"]
[EventCountry "IND"]
[SourceTitle "playchess.com"]
[Source "ChessBase"]
[SourceQuality "1"]
[TimeControl "5400+30"]

1. d4 Nf6 2. c4 e6 3. Nf3 b6 4. a3 Bb7 5. Nc3 d5 6. Qc2 Be7 7. cxd5 Nxd5 8. e4 Nxc3 9. bxc3 Nd7 10. Bd3 c5 11. O-O Qc7 12. Qe2 O-O 13. Bd2 Rfd8 14. h4 Rac8 15. a4 e5 16. Rfc1 h6 {[%emt 0:13:28] [#]} 17. a5 $1 c4 18. Bc2 b5 19. Be3 a6 20. h5 (20. Rd1 $11) 20... Re8 $1 $15 21. Nh2 ({White should try} 21. Re1 $15) 21... Bf8 ({Black should play} 21... exd4 $17 22. cxd4 Bxe4 23. Bxe4 Bd6) 22. d5 {[%emt 0:07:16] [#]} f5 $1 23. exf5 Nf6 $1 (23... Bxd5 24. Ng4 $11) 24. Ng4 Nxd5 25. f6 Nf4 $2 {[%emt 0:04:18][%mdl 8192] [#]} ({Of course not} 25... gxf6 $6 26. Be4 (26. Nxh6+ Kh8 $14) 26... Qf7 27. Bg6 $14 (27. Bxh6 f5 $11) (27. Nxh6+ Bxh6 28. Bxh6 f5 $11)) (25... Nxf6 26. Nxf6+ gxf6 27. Qg4+ Kh8 28. Bg6 $16) (25... Nxc3 $17 {keeps the pressure on.} 26. Nxh6+ Kh8 (26... gxh6 27. Qg4+ Kh8 28. Bf5 $15)) 26. Nxh6+ $1 gxh6 (26... Kh8 27. Qg4) 27. Qg4+ Bg7 $2 (27... Kh8) 28. Bxf4 $18 (28. fxg7 Qxg7 29. Qxg7+ Kxg7 $16) 28... exf4 29. Rd1 {[%emt 0:02:29][%cal Od1d7,Bc1d1,Bd1d6,Bd6d8][%mdl 32] Rd7! is the strong threat.} ({Less strong is} 29. fxg7 Qxg7 30. Bg6 Be4 $16) 29... Qf7 30. fxg7 Rc7 31. Rd6 Bc8 32. Qh4 Re6 (32... Bf5 $142) 33. Rd8+ 1-0

[Event "15th Chennai GM Open 2025"]
[Site "Chennai"]
[Date "2025.01.03"]
[Round "2.5"]
[White "Rios Gomez, Cristhian Camilo"]
[Black "Gawai Siddhant"]
[Result "1/2-1/2"]
[ECO "A13"]
[WhiteElo "2435"]
[BlackElo "2154"]
[Annotator "TA"]
[PlyCount "69"]
[EventDate "2025.01.02"]
[EventType "swiss"]
[EventCountry "IND"]
[SourceTitle "playchess.com"]
[Source "ChessBase"]
[SourceQuality "1"]
[TimeControl "5400+30"]

1. Nf3 Nf6 2. c4 e6 3. g3 d5 4. Bg2 d4 5. O-O Be7 6. e3 c5 7. exd4 cxd4 8. d3 Nc6 9. Bg5 Nd7 10. Bxe7 Qxe7 11. Na3 O-O 12. Nc2 Qd6 13. a3 a5 {[%emt 0:01:09] [#]} 14. b4 $1 axb4 (14... e5 15. Re1) 15. axb4 Rxa1 16. Qxa1 e5 17. c5 Qc7 18. Nd2 b6 19. b5 Na7 20. c6 {[%emt 0:00:07] White is more active.} Nc5 {[%emt 0:00:07] [#]} 21. Nb4 $1 Nxb5 22. Nd5 Qd8 23. Rb1 Be6 24. Rxb5 Bxd5 25. Bxd5 Qxd5 26. Rxb6 {[%emt 0:00:07] And now Qa5 would win.} Ne6 {[%emt 0:11:16] [#]} (26... Nxd3 27. Qb1 e4 28. c7 $16) 27. Qa3 ({White should try} 27. Qa6 $1 $16) 27... h6 $14 28. Ne4 (28. h4 $1 $14) 28... f5 $11 29. Qd6 Rd8 $1 30. c7 Rxd6 31. c8=Q+ Rd8 32. Qxe6+ Qxe6 33. Rxe6 fxe4 34. Rxe5 (34. dxe4 $2 {is the wrong capture.} d3 35. Rb6 d2 $19) 34... exd3 {[%emt 0:00:30] ( -> ...d2)} 35. Re1 1/2-1/2